 Dungeon Crawl Stone Soup version 0.31-a0-219-g8d62b2e7bb (webtiles) character file.

Game seed: 6272610385349456210

99 qw the Shooter (level 4, 0/36 HPs)
             Began as a Minotaur Hexslinger on July 3, 2023.
             Slain by a gnoll
             ... wielding a +0 halberd
              (7 damage)
             ... on level 3 of the Dungeon.
             The game lasted 00:00:49 (2140 turns).

qw the Shooter (Minotaur Hexslinger)                Turns: 2140, Time: 00:00:50

Health: 0/36       AC:  5    Str: 13    XL:     4   Next: 45%
Magic:  4/4        EV: 16    Int: 10    God:
Gold:   197        SH:  0    Dex: 14    Spells: 4/5 levels left

rFire   . . .        Y - +2 sling (flame)
rCold   . . .        (no shield)
rNeg    . . .        f - +0 ring mail
rPois   .            (helmet restricted)
rElec   .            (no cloak)
rCorr   .            (no gloves)
SInv    .            (no boots)
Will    .....        (no amulet)
Stlth   +            i - +5 ring of evasion
HPRegen 0.26/turn    (no ring)
MPRegen 0.09/turn

%: no passive effects
@: no status effects
A: horns 2, retaliatory headbutt
a: no special abilities


You were on level 3 of the Dungeon.
You visited 1 branch of the dungeon, and saw 3 of its levels.

You collected 197 gold pieces.


Innate Abilities, Weirdness & Mutations

You have a pair of horns on your head.
You reflexively headbutt those who attack you in melee.


   Skills:
 - Level 2.0 Fighting
 + Level 4.8 Ranged Weapons
 - Level 1.0 Armour
 - Level 2.1 Dodging
 - Level 1.0 Spellcasting
 - Level 2.0 Hexes


You had 4 spell levels left.
You knew the following spells:

 Your Spells              Type           Power      Damage    Failure   Level
a - Slow                  Hex            16%        N/A       32%         1

Your spell library contained the following spells:

 Spells                   Type           Power      Damage    Failure   Level
 Inner Flame              Hex/Fire       2%         N/A       82%         3
 Portal Projectile        Hex/Tloc       4%         N/A       82%         3
 Cause Fear               Hex            2%         N/A       97%         4

Inventory:

Hand Weapons
 Y - a +2 sling of flaming (weapon)
Armour
 f - a +0 ring mail (worn)
Jewellery
 i - a +5 ring of evasion (left hand)
 j - a ring of ice
Scrolls
 a - a scroll of identify
 b - a scroll of enchant armour {unknown}
Potions
 c - a potion of curing {unknown}
 d - a potion of heal wounds {unknown}
 e - a potion of invisibility {unknown}
 g - a potion of haste {unknown}
 h - a potion of resistance {unknown}

Dungeon Overview and Level Annotations

Branches:
Dungeon (3/15)

Altars:

Shops:
D:3 [

Annotations:
D:3 1 runed translucent door, qw's ghost, amateur GrHs


Message History

Enter note: You shoot a sling bullet.
The sling bullet barely misses the gnoll.
You shoot a sling bullet.
The sling bullet completely misses the gnoll.
A gnoll comes into view. It is wielding a +0 halberd. x2
2132 ||| Stepping ~*~*~tactically~*~*~ (outnumbered).
The gnoll hits you but does no damage.
You shoot a sling bullet.
The sling bullet closely misses the gnoll.
The gnoll shouts!
The gnoll misses you.
You shoot a sling bullet. The sling bullet hits the gnoll.
The sling bullet burns the gnoll.
The gnoll is heavily wounded.
The gnoll barely misses you.
You shoot a sling bullet.
The sling bullet closely misses the gnoll.
The gnoll hits you from afar with a +0 spear.
You shoot a sling bullet.
The sling bullet barely misses the gnoll. x2
The gnoll hits you from afar with a +0 spear.
The gnoll misses you. x2; The gnoll hits you but does no damage.
You shoot a sling bullet.
The sling bullet barely misses the gnoll.
The gnoll completely misses you. The gnoll misses you.
The gnoll hits you from afar with a +0 spear.
You shoot a sling bullet. The sling bullet hits the gnoll.
The sling bullet burns the gnoll.
You kill the gnoll!
The gnoll barely misses you. The gnoll misses you.
You shoot a sling bullet.
The sling bullet hits the gnoll but does no damage.
The gnoll hits you from afar with a +0 halberd!
The gnoll barely misses you. x3
You shoot a sling bullet. The sling bullet hits the gnoll!
The sling bullet burns the gnoll.
The gnoll is severely wounded.
The gnoll hits you from afar with a +0 halberd! x2
You die...

## #.# ####.#.. .####
#.# #....# ....########
#.# ##..### ###........#
#.#####....# ########.#
#.......##.# #.#
#####.#.######.#
#.######.......## #.#
#......#..%.....## #.#
######.@.........# #.#
######...##.#####...##.#
####.....g#)g..# .#....#
######....####.....##
.####>. )%.....####
#.##.## .. o#######
#.##%# # o ..##.. # .
.g####.. # . #.# #.#


You could see 2 gnolls.

Vanquished Creatures
  2 adders
  A gnoll (D:3)
  A worm (D:2)
  4 orcs (D:3)
  3 bats
  5 endoplasms
  5 giant cockroaches
  5 goblins
  3 hobgoblins
  8 jackals
  7 kobolds
  3 quokkas
  4 ball pythons
  3 frilled lizards
  4 rats
58 creatures vanquished.

Notes
Turn   | Place    | Note
-------+----------+-------------------------------------------
     0 | D:1      | qw the Minotaur Hexslinger began the quest for the Orb.
     0 | D:1      | Reached XP level 1. HP: 16/16 MP: 1/1
     0 | D:1      | 0 ||| qw: Version: 0.3-a-40-ge99b1a8
     0 | D:1      | 0 ||| qw: Game counter: 416
     0 | D:1      | 0 ||| qw: Melee chars always use a shield: true
     0 | D:1      | 0 ||| qw: God list: Okawaru
     0 | D:1      | 0 ||| qw: Allow faded altars: false
     0 | D:1      | 0 ||| qw: Do Orc after clearing Dungeon:15 true
     0 | D:1      | 0 ||| qw: Do second Lair branch before Depths: true
     0 | D:1      | 0 ||| qw: Lair rune preference: random
     0 | D:1      | 0 ||| qw: Goals: Normal
     0 | D:1      | 0 ||| PLANNING D:1-11
     4 | D:1      | Noticed a four-headed hydra
   228 | D:1      | Reached skill level 3 in Ranged Weapons
   228 | D:1      | Reached XP level 2. HP: 22/23 MP: 2/2
   231 | D:1      | Found a faded altar of an unknown god.
   466 | D:1      | You fall into a shaft and drop 1 floor!
   630 | D:2      | 630 ||| UPGRADING to +0 leather armour.
   640 | D:2      | 640 ||| DROPPING +0 robe.
   641 | D:2      | 641 ||| UPGRADING to +0 ring mail.
   651 | D:2      | 651 ||| DROPPING +0 leather armour.
   652 | D:2      | 652 ||| READING scroll labelled NEUMAU DUN VIT.
   653 | D:2      | 653 ||| READING scroll labelled TEUPSE BOWE.
   654 | D:2      | 654 ||| DROPPING scroll of poison.
   667 | D:1      | Reached XP level 3. HP: 29/29 MP: 3/3
   858 | D:1      | Noticed a death yak
  1150 | D:1      | 1150 ||| READING scroll labelled WIJ YLAQIMM.
  1198 | D:2      | HP: 7/29 [goblin/+2 dagger of distortion (3)]
  1199 | D:2      | 1199 ||| STAIRDANCE
  1369 | D:2      | Reached skill level 4 in Ranged Weapons
  1375 | D:2      | 1375 ||| FLEEEEING.
  1378 | D:2      | 1378 ||| FLEEEEING.
  1379 | D:2      | 1379 ||| FLEEEEING.
  1454 | D:2      | 1454 ||| FLEEEEING.
  1455 | D:2      | 1455 ||| FLEEEEING.
  1456 | D:2      | 1456 ||| FLEEEEING.
  1457 | D:2      | 1457 ||| FLEEEEING.
  1479 | D:2      | 1479 ||| SWAPPING to +2 sling of flaming.
  1480 | D:2      | 1480 ||| DROPPING +1 sling.
  1589 | D:3      | Reached skill level 1 in Armour
  1624 | D:3      | HP: 7/29 [poisoned by an adder]
  1630 | D:3      | 1630 ||| FLEEEEING.
  1752 | D:3      | Reached XP level 4. HP: 36/36 MP: 4/4
  1840 | D:3      | Noticed an animated plate armour
  1842 | D:3      | Found Koefihucu's Armour Shoppe.
  1844 | D:3      | 1844 ||| UPGRADING to +5 ring of evasion.
  1845 | D:3      | 1845 ||| READING scroll labelled SIMITH WEXO.
  1846 | D:3      | 1846 ||| READING 2 scrolls of identify.
  1846 | D:3      | 1846 ||| IDENTIFYING fuming coppery potion
  1847 | D:3      | 1847 ||| DROPPING potion of attraction.
  1857 | D:3      | Noticed an animated shadow dragon scales
  1870 | D:3      | 1870 ||| SHOPLISTING +3 leather armour (228 gold, have
                  | 186).
  1954 | D:3      | HP: 7/36 [orc priest/divine providence (11)]
  1955 | D:3      | 1955 ||| READING scroll of teleportation.
  2077 | D:3      | Found a runed translucent door.
  2077 | D:3      | Noticed qw's ghost (amateur GrHs)
  2132 | D:3      | 2132 ||| Stepping ~*~*~tactically~*~*~ (outnumbered).
  2140 | D:3      | HP: 7/36 [gnoll/+0 halberd (12)]
  2140 | D:3      | Slain by a gnoll

Levels and vault maps discovered:
D:1:      sevenhm_arrival_forest_fort_small_2, layout_basic,
          shapermc_ecumenical_altar_hornbeckon,
          amcnicky_mini_rare_corridor_liquid
D:2:      layout_rooms
D:3:      layout_rooms, serial_shops, nicolae_shop_mannequins,
          gammafunk_ghost_grave

Skill      XL: |  1  2  3 |
---------------+----------+-----
Ranged Weapons | 3 4 |  4.8
Fighting       | 2 |  2.0
Armour         | 1 |  1.0
Dodging        | |  2.1
Spellcasting   | |  1.0
Hexes          | |  2.0

Action                     |  1- 3 |  4- 6 || total
---------------------------+-------+-------++-------
   Fire: Sling             |   119 |    48 ||   167
    Use: Scroll            |     3 |     3 ||     6
 Armour: Ring mail         |    20 |     6 ||    26
  Dodge: Dodged            |    37 |    26 ||    63

Table legend:
 A = Non-vault XP
 B = Vault XP
 C = Vault XP percentage of total XP
 D = Non-vault monster count
 E = Vault monster count
 F = Vault count percentage of total count
                 A         B        C        D         E       F
            +---------+---------+-------+---------+---------+-------
      Total |     142 |       0 |   0.0 |      58 |       0 |   0.0
            +---------+---------+-------+---------+---------+-------
        D:1 |      37 |       0 |   0.0 |      21 |       0 |   0.0
        D:2 |      35 |       0 |   0.0 |      12 |       0 |   0.0
        D:3 |      70 |       0 |   0.0 |      25 |       0 |   0.0
            +---------+---------+-------+---------+---------+-------
